[Event "*** Titled Tuesday Blitz"]
[Site "Chess.com"]
[Date "2018.04.03"]
[Round "4"]
[White "andante"]
[Black "Mikhail_Golubev"]
[Result "1-0"]
[WhiteElo "2191"]
[BlackElo "2219"]
[TimeControl "180+2"]
[EndTime "13:50:58 PDT"]
[Termination "andante won on time"]

1. d4 Nf6 2. Nf3 d6 3. Nc3 Bg4 4. e4 e6 5. Be2 d5 6. Bg5 Bb4 7.
e5 h6 8. Bh4 g5 9. Nxg5 Bxe2 10.
Qxe2 hxg5 11. Bxg5 Nbd7 12. O-O-O Bxc3 13. bxc3 Qe7 14. Kb2 Nb6 15. Bxf6 Na4+ 16. Ka1 Qd7 17. Bxh8 Qc6 18.
Qd3 b5 19. Rb1 Rb8 20. Rb3 a5 21. Bf6 b4 22. Rhb1 Kd7 23. cxb4 axb4 24. Rxb4 Ra8 25. c4 Qa6 26. Qa3 dxc4 27. Rb8 Rxb8 28. Rxb8 c3 29. Qe7+ Kc6 30. Qe8+ Kd5 31. Qd7+ Ke4 32.
Qxc7 1-0

[Event "*** Titled Tuesday Blitz"]
[Site "Chess.com"]
[Date "2018.04.03"]
[Round "4"]
[White "jcibarra"]
[Black "Batica1984"]
[Result "0-1"]
[WhiteElo "2662"]
[BlackElo "2620"]
[TimeControl "180+2"]
[EndTime "13:50:59 PDT"]
[Termination "Batica1984 won by resignation"]

1. e4 c5 2. Nf3 Nc6 3. c3 Nf6 4. e5 Nd5 5. d4 cxd4 6. cxd4 d6 7.
Bc4 dxe5 8. dxe5 Ndb4 9. O-O Qxd1 10. Rxd1 Bf5 11. e6 Bxe6 12. Bxe6 fxe6 13. Nc3 Rd8 14.
Rxd8+ Nxd8 15. Be3 Nc2 16. Rd1 Nxe3 17. fxe3 a6 18. Ng5 g6 19. Na4 Bg7 20. Nc5 Bf6 21.
Ncxe6 Nxe6 22. Nxe6 Kf7 23. Nd8+ Kg7 24. Ne6+ Kf7 25. Nd8+ Kg7 26. b3 b5 27. Kf2 h5 28.
Ke2 h4 29. Ne6+ Kf7 30. Nc7 Be5 31. Rf1+ Kg7 32. Nxa6 Ra8 33. Nb4 Bd6 34. Nc2 Rxa2 35. Kd3 Bxh2 36. Rf3 Bd6 37. e4 e6 38. Re3 Bf4 39.
Rf3 g5 40. Nd4 Kf6 41. Ne2 Rd2+ 0-1

[Event "*** Titled Tuesday Blitz"]
[Site "Chess.com"]
[Date "2018.04.03"]
[Round "4"]
[White "FMAntonio"]
[Black "ckgchess"]
[Result "0-1"]
[WhiteElo "2375"]
[BlackElo "2518"]
[TimeControl "180+2"]
[EndTime "13:51:01 PDT"]
[Termination "ckgchess won by resignation"]

1. d4 Nf6 2. c4 g6 3. Nc3 Bg7 4. e4 d6 5. Be2 O-O 6. Be3 c5 7. d5 e6 8. Nf3 Re8 9. O-O exd5 10. exd5 Bg4 11. h3 Bxf3 12. Bxf3 Na6 13. Qd2 Nc7 14. Rfe1 Rb8 15. a4 b6 16. Bf4 Qd7 17. Rxe8+ Rxe8 18. Re1 a6 19. g4 b5 20. axb5 axb5 21. cxb5 Nxb5 22. Nxb5 Qxb5 23. Bxd6 Rd8 24. Bc7 Rd7 25. Bf4 c4 26. d6 Bf8 27. g5 Nh5 28. Bxh5 gxh5 29. Re8 Ra7 30. g6 Qxe8 31. gxh7+ Kxh7 32. Qc2+ f5 33. Kh2 Qe6 34. Qd1 Qf7 35. Qd4 Rd7 36. Qe5 Qg6 37. Qb5 Qe6 38. Qc6 Bxd6 39. Kg2 Qe4+ 40. Qxe4 fxe4 41. Be3 Be5 0-1

[Event "*** Titled Tuesday Blitz"]
[Site "Chess.com"]
[Date "2018.04.03"]
[Round "4"]
[White "51616516516"]
[Black "Bad4life"]
[Result "0-1"]
[WhiteElo "2128"]
[BlackElo "2390"]
[TimeControl "180+2"]
[EndTime "13:51:01 PDT"]
[Termination "Bad4life won on time"]

1. d4 Nf6 2. c4 c5 3. Nf3 e6 4. g3 cxd4 5. Nxd4 Nc6 6. Bg2 Bb4+ 7.
Bd2 Bc5 8. Nb3 Be7 9. O-O O-O 10.
c5 a5 11. a4 Nb4 12. Bxb4 axb4 13. a5 Qc7 14. Qd4 Ra6 15. Qxb4 Qd8 16. Bxb7 Nd5 17.
Qc4 Bxb7 18. e4 Nf6 19. Nc3 Ng4 20. Rfd1 h5 21. c6 Ne5 22. Qb5 Nf3+ 23. Kg2 e5 24.
cxb7 Nh4+ 25. gxh4 Rg6+ 26. Kh1 Bxh4 27. Rg1 Qf6 28. Qe2 Bxf2 29. Rxg6 fxg6 30. a6 Ba7 31. Nd5 Qh4 32. Rf1 Rxf1+ 33. Qxf1 Qxe4+ 34. Qg2 Qe1+ 0-1

[Event "*** Titled Tuesday Blitz"]
[Site "Chess.com"]
[Date "2018.04.03"]
[Round "4"]
[White "Triumphmate"]
[Black "Vadim_Biliy"]
[Result "1-0"]
[WhiteElo "2165"]
[BlackElo "2116"]
[TimeControl "180+2"]
[EndTime "13:51:03 PDT"]
[Termination "Triumphmate won by checkmate"]

1. e4 e5 2. Nf3 Nc6 3. Nc3 Nf6 4. Bb5 Bb4 5. O-O Bxc3 6. bxc3 O-O 7. d3 d5 8. Bxc6 bxc6 9. exd5 Qxd5 10. c4 Qd6 11. Bb2 Nd7 12. Re1 f6 13. h3 Rb8 14. Bc3 c5 15. Nd2 Bb7 16. Ne4 Bxe4 17. Rxe4 Rb6 18. Qe2 Rfb8 19. Re1 Ra6 20. f4 Rxa2 21. fxe5 fxe5 22. Bxe5 Nxe5 23. Rxe5 Rf8 24. Re8 h6 25. Rf1 Rxe8 26. Qxe8+ Kh7 27. Qe4+ Qg6 28. Qe2 Qg5 29. Rf8 Qc1+ 30. Kh2 Qg5 31. Qe4+ g6 32. Rf7+ Kg8 33. Qe8# 1-0

[Event "*** Titled Tuesday Blitz"]
[Site "Chess.com"]
[Date "2018.04.03"]
[Round "4"]
[White "Bigfish1995"]
[Black "TrimitziosP7"]
[Result "1-0"]
[WhiteElo "2774"]
[BlackElo "2614"]
[TimeControl "180+2"]
[EndTime "13:51:12 PDT"]
[Termination "Bigfish1995 won by checkmate"]

1. d4 d5 2. c4 c6 3. Nf3 Nf6 4. Qc2 g6 5. Bf4 Bg7 6. e3 O-O 7. Nc3 a6 8. h3 dxc4 9. Bxc4 b5 10. Be2 Bb7 11. e4 Nbd7 12. e5 Nd5 13. Nxd5 cxd5 14.
h4 Rc8 15. Qd2 Nb6 16. h5 Nc4 17. Qb4 Qa5 18. Qxa5 Nxa5 19. hxg6 hxg6 20. Bd2 Nc4 21. Bb4 Rfe8 22. b3 Nb6 23. Nh4 e6 24. f4 Bf8 25.
Ba5 Nd7 26. g4 Ba3 27. f5 Nf8 28. Nf3 Bb2 29. Rb1 Bc3+ 30. Bxc3 Rxc3 31. Kd2 Rec8 32. Bd3 b4 33. f6 Bc6 34. Rh6 Bb5 35. Bxb5 Rc2+ 36. Ke3 axb5 37. Rbh1 R8c3+ 38. Kf4 g5+ 39. Kxg5 Ng6 40. Nh4 Nf8 41. Nf5 Ng6 42. Ne7+ Kf8 43.
Rh8+ Nxh8 44. Rxh8# 1-0

[Event "*** Titled Tuesday Blitz"]
[Site "Chess.com"]
[Date "2018.04.03"]
[Round "4"]
[White "Princec7"]
[Black "VerdeNotte"]
[Result "0-1"]
[WhiteElo "2424"]
[BlackElo "2643"]
[TimeControl "180+2"]
[EndTime "13:51:12 PDT"]
[Termination "VerdeNotte won by resignation"]

1. e4 d6 2. d4 Nf6 3. Nc3 g6 4.
Nf3 Bg7 5. Be2 O-O 6. O-O e6 7. h3 b6 8. Re1 Bb7 9. Bf1 Nc6 10. Be3 Re8 11. Qd2 Ne7 12. Bh6 Bh8 13. Rad1 a6 14. a4 d5 15. e5 Ne4 16. Nxe4 dxe4 17. Ng5 e3 18. fxe3 Nf5 19. e4 Nxh6 20. Bc4 Bg7 21. Qf4 Qe7 22. c3 c5 23. d5 exd5 24. exd5 Bxe5 25.
Qh4 Qf8 26. d6 Bf6 27. Qf4 Rxe1+ 28. Rxe1 Bxg5 29. Qxg5 Rd8 30. Rd1 Nf5 31. d7 Qe7 32.
Qf4 Rxd7 33. Qb8+ Kg7 34. Rxd7 Qxd7 35. Qe5+ f6 0-1

[Event "*** Titled Tuesday Blitz"]
[Site "Chess.com"]
[Date "2018.04.03"]
[Round "4"]
[White "Kislov_Oleg"]
[Black "florianschwabeneder"]
[Result "0-1"]
[WhiteElo "2252"]
[BlackElo "2381"]
[TimeControl "180+2"]
[EndTime "13:51:13 PDT"]
[Termination "florianschwabeneder won by resignation"]

1. e4 b6 2. d4 Bb7 3. Nc3 e6 4. Nf3 d6 5. d5 e5 6. Bb5+ Ke7 7.
O-O a6 8. Bd3 f6 9. Nh4 g6 10.
f4 Kf7 11. Ne2 Kg7 12. Ng3 Bc8 13. c4 exf4 14. Bxf4 Nh6 15. Bd2 Nf7 16. Qe2 Ne5 17.
Rf2 Be7 18. Raf1 Rf8 19. h3 Rf7 20. Nf3 Nbd7 21. Bc3 Nc5 22. Bc2 Nxf3+ 23. Rxf3 Nd7 24. Ba4 Ne5 25. R3f2 Rf8 26. Bc6 Nxc6 27. dxc6 Qe8 28.
e5 dxe5 29. Bxe5 Bc5 30. Bxf6+ Kg8 31. Qf3 Be6 32. Ne4 Bxf2+ 33. Rxf2 Bf5 34. Re2 Bxe4 35.
Rxe4 Qxc6 36. Rf4 Qxf3 37. Rxf3 Rae8 38. g4 g5 39. Kf2 h6 40. h4 gxh4 41. Bxh4 Re4 42.
Rxf8+ Kxf8 43. Bg3 Rxc4 0-1

[Event "*** Titled Tuesday Blitz"]
[Site "Chess.com"]
[Date "2018.04.03"]
[Round "4"]
[White "Blitzstream"]
[Black "TastyFrenchFries"]
[Result "0-1"]
[WhiteElo "2440"]
[BlackElo "2313"]
[TimeControl "180+2"]
[EndTime "13:51:16 PDT"]
[Termination "TastyFrenchFries won by checkmate"]

1. e4 e6 2. d4 d5 3. exd5 exd5 4. Nf3 Bd6 5. c4 Nf6 6. Be2 dxc4 7. Bxc4 O-O 8. O-O Bf5 9. Nc3 Nbd7 10. Bg5 h6 11. Bh4 c6 12. Bb3 Re8 13. Re1 Qc7 14.
Rc1 Rxe1+ 15. Qxe1 Re8 16. Qf1 Qb8 17. Bg3 Bxg3 18.
hxg3 Be6 19. Bc2 Nb6 20. Qd3 Bc4 21. Qf5 Qd6 22. a3 g6 23. Qh3 Kg7 24. Rd1 Be2 25. Nxe2 Rxe2 26. Bb1 Rxb2 27. Qh4 Qxa3 28. Qf4 Nbd5 29.
Qc1 Qb4 30. Re1 a5 31. Ne5 Qxd4 32. Nd3 Rb3 33. Rd1 a4 34. Bc2 Rc3 35. Qd2 Ne4 36.
Qe2 a3 37. Bb1 Nxg3 38. Qe8 Nf4 39. Ba2 Nfe2+ 40. Kh2 Qh4# 0-1

[Event "*** Titled Tuesday Blitz"]
[Site "Chess.com"]
[Date "2018.04.03"]
[Round "4"]
[White "dolynachess"]
[Black "Muracle"]
[Result "0-1"]
[WhiteElo "2397"]
[BlackElo "2451"]
[TimeControl "180+2"]
[EndTime "13:51:16 PDT"]
[Termination "Muracle won by resignation"]

1. d4 Nf6 2. c4 g6 3. Nc3 d5 4. cxd5 Nxd5 5. e4 Nxc3 6. bxc3 c5 7. Be3 Bg7 8. Bc4 Qa5 9. Qd2 Nc6 10. Ne2 O-O 11. d5 Rd8 12. O-O Ne5 13. Bb3 Bd7 14. h3 Bb5 15. Rfc1 Nc4 16. Bxc4 Bxc4 17. Ng3 e6 18. d6 Be5 19. Bf4 Rxd6 20. Qxd6 Bxd6 21.
Bxd6 Rd8 22. e5 Bd5 23. c4 Bc6 24. Rd1 Rd7 25. Nf1 Qc3 26. Ne3 h5 27. Rac1 Qb2 28. Rc2 Qa3 29. Rcd2 Qb4 30. g4 Ba4 31. gxh5 Bxd1 32.
Rxd1 gxh5 33. Kh2 Qb2 34. Rg1+ Kh7 35. Rg2 Rxd6 36. exd6 Qe5+ 37. Kg1 Qxd6 38. Rg3 Qd2 39. Rf3 f5 40. a4 Qa2 41. Ng2 Qxa4 42. Rd3 Qxc4 43.
Rd7+ Kg6 44. h4 Qb4 45. Kh2 Kf6 46. f3 a5 47. Kg3 a4 48. Nf4 Qe1+ 49. Kg2 Qxh4 50.
Nd3 Qg5+ 51. Kf1 Qe3 52. f4 c4 53. Ne5 Qxf4+ 0-1

[Event "*** Titled Tuesday Blitz"]
[Site "Chess.com"]
[Date "2018.04.03"]
[Round "4"]
[White "FMJoseHerrera"]
[Black "gkchesstiger"]
[Result "0-1"]
[WhiteElo "2482"]
[BlackElo "2747"]
[TimeControl "180+2"]
[EndTime "13:51:21 PDT"]
[Termination "gkchesstiger won by resignation"]

1. Nf3 Nf6 2. g3 d5 3. Bg2 c6 4.
O-O Bf5 5. d3 e6 6. c3 h6 7. Qb3 Qb6 8. Be3 Qa6 9. Nd4 Bh7 10.
c4 Be7 11. cxd5 Nxd5 12. Bd2 Nd7 13. Nc3 O-O 14. a3 Qb6 15. Qxb6 axb6 16. Rac1 b5 17. Nxd5 exd5 18. e4 Bf6 19. Bc3 dxe4 20. dxe4 Rfe8 21. f3 Nb6 22. Nb3 Bxc3 23. Rxc3 Na4 24. Rc2 Red8 25. g4 f6 26. Kf2 Rd3 27. Nc1 Rd6 28. Ne2 Kf8 29.
h4 Bg8 30. Re1 Bb3 31. Rcc1 Nxb2 32. Nf4 Bf7 33. Rb1 Nc4 34. g5 Rxa3 35. gxh6 gxh6 36. Kg3 Ne5 37. Ra1 b4 38. Rab1 b3 39. Rec1 Ra2 40.
Rc3 Rc2 41. Rbxb3 Bxb3 42. Rxb3 b5 43. Ra3 Ke7 44. Ra7+ Rd7 45. Ra8 Rd8 46. Ra7+ Kd6 47. Rh7 Rg8+ 48. Kh3 b4 49. Rxh6 Rf8 50. Rh7 Rb8 51. Nh5 b3 52. f4 b2 53. Nxf6 Rb3+ 54. Kh2 Nf3+ 55. Kg3 Ng5+ 56. Kg4 Rxg2+ 0-1

[Event "*** Titled Tuesday Blitz"]
[Site "Chess.com"]
[Date "2018.04.03"]
[Round "4"]
[White "Orest_Vovk"]
[Black "pedroholly22"]
[Result "1-0"]
[WhiteElo "2370"]
[BlackElo "2222"]
[TimeControl "180+2"]
[EndTime "13:51:26 PDT"]
[Termination "Orest_Vovk won on time"]

1. g4 e5 2. g5 d5 3. d4 exd4 4.
Qxd4 c5 5. Qe5+ Be6 6. Nf3 Nc6 7. Qg3 Nge7 8. Bh3 Qd7 9. Bxe6 Qxe6 10. h4 Nf5 11.
Qg4 h5 12. gxh6 gxh6 13. Bd2 Bg7 14. Nc3 Bxc3 15. Bxc3 d4 16. Bd2 Nd6 17. Qxe6+ fxe6 18. Bf4 Nf7 19. h5 e5 20. Bd2 e4 21. Nh4 Nfe5 22. Ng6 Rg8 23. Nxe5 Nxe5 24. Bxh6 Kf7 25. Bf4 Ng4 26. e3 Rh8 27. Rd1 Rad8 28. Ke2 Ke6 29. Rh4 Kf5 30. Rg1 Rdg8 31. Rg3 Nf6 32. Rxg8 Rxg8 33. h6 Rh8 34. Rh1 Rh7 35. Rg1 Ng4 36. f3 exf3+ 37. Kxf3 Nxe3 38. Bxe3 dxe3 39. Rh1 1-0

[Event "*** Titled Tuesday Blitz"]
[Site "Chess.com"]
[Date "2018.04.03"]
[Round "4"]
[White "r31415"]
[Black "chorejason"]
[Result "1-0"]
[WhiteElo "2192"]
[BlackElo "2066"]
[TimeControl "180+2"]
[EndTime "13:51:30 PDT"]
[Termination "r31415 won by resignation"]

1. e4 c5 2. Nf3 d6 3. d4 cxd4 4. Nxd4 Nf6 5. Nc3 g6 6. h3 Bg7 7. g4 O-O 8. Bg2 Nc6 9. Nde2 Be6 10. Be3 Rc8 11. Qd2 Ne5 12. b3 a6 13. f4 Nexg4 14. hxg4 Nxg4 15. Bd4 Nf6 16. O-O-O b5 17. Ng3 Qa5 18. Kb1 Bg4 19. Nd5 Nxd5 20. Qxa5 Bxd1 21. Rxd1 Nc3+ 22. Bxc3 Bxc3 23. Qb6 b4 24. Ne2 Bf6 25. Qe3 a5 26. e5 dxe5 27. fxe5 Bg7 28. Bd5 e6 29.
Bc4 a4 30. Nd4 a3 31. Nb5 Rfd8 32. Rxd8+ Rxd8 33. Nd6 h5 34. Qf3 Rd7 35. Qc6 Re7 36. Qa8+ Kh7 37. Qe4 Bh6 38. c3 bxc3 39. Kc2 Bd2 40.
Be2 Kg7 41. Qa8 Rd7 42. Ne8+ Kh6 43. Nf6 Rd4 44. Qf3 Rh4 45. Ne4 Rh2 46. Nxd2 cxd2 47. Qf4+ g5 48. Qxh2 1-0

[Event "*** Titled Tuesday Blitz"]
[Site "Chess.com"]
[Date "2018.04.03"]
[Round "4"]
[White "PulpanJ"]
[Black "toad"]
[Result "1-0"]
[WhiteElo "2423"]
[BlackElo "2250"]
[TimeControl "180+2"]
[EndTime "13:51:32 PDT"]
[Termination "PulpanJ won on time"]

1. e4 c5 2. Nf3 d6 3. d4 cxd4 4. Nxd4 Nf6 5. Nc3 a6 6. Be2 e5 7. Nb3 Be7 8. O-O O-O 9. Qd3 Nbd7 10. Rd1 Qc7 11. Qg3 Kh8 12. a4 b6 13. Bg5 Bb7 14. Bf3 Rac8 15. Be3 Nc5 16. Nxc5 dxc5 17. Bg5 Rcd8 18. Bxf6 Bxf6 19. Nd5 Bxd5 20. exd5 Rd6 21. Be2 Rfd8 22. Qb3 Qb7 23. Bc4 a5 24. Qg3 Qe7 25. Re1 e4 26. c3 Be5 27. Rxe4 Bxg3 28. Rxe7 Bh4 29. Rxf7 Bf6 30. Re1 h6 31. g3 Kg8 32.
Rb7 Kh8 33. Kg2 Kh7 34. h4 h5 35. Kf3 Kg6 36. Bd3+ Kh6 37. c4 R8d7 38. Rxd7 Rxd7 39. Re6 1-0

[Event "*** Titled Tuesday Blitz"]
[Site "Chess.com"]
[Date "2018.04.03"]
[Round "4"]
[White "Danny_The_Donkey"]
[Black "Federer999"]
[Result "0-1"]
[WhiteElo "2653"]
[BlackElo "2693"]
[TimeControl "180+2"]
[EndTime "13:51:42 PDT"]
[Termination "Federer999 won by resignation"]

1. e4 e5 2. Nf3 Nc6 3. Bc4 Bc5 4. c3 Nf6 5. d4 exd4 6. e5 d5 7. Bb5 Ne4 8. cxd4 Bb6 9. Nc3 O-O 10. Be3 Bg4 11. h3 Bh5 12. Qc2 Bg6 13. Qb3 Ne7 14. O-O c6 15. Bd3 Nf5 16. Rfe1 Nxc3 17. Qxc3 Nxe3 18. Rxe3 Bxd3 19. Qxd3 Qe7 20. Rae1 Rfe8 21. R1e2 Rad8 22. Qf5 h6 23. Qg4 Qe6 24. Qf4 Rc8 25. Nh4 g5 26. Qg3 Bxd4 27. Rf3 Bxe5 28. Rxe5 Qxe5 29.
Qg4 Qe4 30. Qh5 Qh7 31. Nf5 Re6 32. h4 Qg6 33. Qg4 Rce8 34. Rg3 Re4 35. Qh3 Rf4 36. hxg5 Qxf5 37. gxh6+ Kh8 38. Re3 Rxe3 39. Qxe3 Re4 40. Qc3+ Qe5 41. Qg3 0-1

[Event "*** Titled Tuesday Blitz"]
[Site "Chess.com"]
[Date "2018.04.03"]
[Round "4"]
[White "olomi007"]
[Black "kikydu96"]
[Result "1-0"]
[WhiteElo "2549"]
[BlackElo "2361"]
[TimeControl "180+2"]
[EndTime "13:51:43 PDT"]
[Termination "olomi007 won on time"]

1. e4 e5 2. Nf3 Nc6 3. Bb5 Nf6 4.
d3 d6 5. O-O g6 6. d4 exd4 7. e5 dxe5 8. Nxe5 Qd5 9. Re1 Be6 10.
Bc4 Qc5 11. Bxe6 fxe6 12. Nxc6 bxc6 13. Rxe6+ Kf7 14. Re1 Bd6 15. Nd2 Rhe8 16. Rxe8 Rxe8 17. Nf3 Qh5 18. Qxd4 Bxh2+ 19. Nxh2 Re1+ 20. Nf1 Qe2 21. Kh2 Rxf1 22. Bg5 Rxf2 23. Kh1 Rxg2 24. Qxf6+ Kg8 25. Qd8+ Kg7 26. Qxc7+ Kg8 27. Qc8+ Kf7 28. Qc7+ Kg8 29. Rg1 Rxg1+ 30. Kxg1 Qg4+ 31. Kf2 Qxg5 32. Qxc6 Qf5+ 33.
Ke3 Qe5+ 34. Kd3 Qxb2 35. c4 Qxa2 36. c5 Qb3+ 37. Kd4 Qd1+ 38. Ke5 Qe2+ 39. Kd6 Qh2+ 40. Kd7 a5 41. Qe6+ Kg7 42. c6 Qd2+ 43. Ke8 a4 44. c7 1-0

[Event "*** Titled Tuesday Blitz"]
[Site "Chess.com"]
[Date "2018.04.03"]
[Round "4"]
[White "Noukii"]
[Black "Vice64"]
[Result "1-0"]
[WhiteElo "2607"]
[BlackElo "2362"]
[TimeControl "180+2"]
[EndTime "13:51:43 PDT"]
[Termination "Noukii won by resignation"]

1. d4 Nf6 2. c4 g6 3. Nc3 Bg7 4. Nf3 O-O 5. Bg5 h6 6. Bh4 d6 7.
e3 c5 8. d5 Qb6 9. Qc1 Bf5 10.
Nd2 g5 11. Bg3 a6 12. Be2 e5 13. h4 Nbd7 14. hxg5 hxg5 15. e4 Bg6 16. Qc2 Qa5 17.
Kf1 b5 18. Kg1 b4 19. Nd1 b3 20. Nxb3 Qe1+ 21. Kh2 Qb4 22. Nc3 Rab8 23. Rab1 Nh5 24.
Nd2 Nf4 25. Bg4 Nf6 26. Bf5 Bxf5 27. exf5 Rfe8 28. Nde4 Nh7 29. Nxd6 Red8 30. Nde4 Qxc4 31. b3 Qd3 32. Qxd3 Nxd3 33. Rhd1 Nb4 34. Rd2 Nf6 35.
Nxf6+ Bxf6 36. Ne4 Kg7 37. Rbd1 Rbc8 38. a3 c4 39.
bxc4 Rxc4 40. f3 a5 41. axb4 axb4 42. Kg1 b3 43. Rb1 Rb8 44. Rdb2 Rcb4 45. Be1 R4b5 46. d6 Bd8 47. Kf1 f6 48. Ke2 Kf7 49. Kd3 Ke8 50. Kc4 Kd7 51. Rxb3 Rxb3 52. Rxb3 Rxb3 53. Kxb3 Kc6 54.
Kc4 Bb6 55. Bb4 Be3 56. Nxf6 Bf4 57. d7 1-0

[Event "*** Titled Tuesday Blitz"]
[Site "Chess.com"]
[Date "2018.04.03"]
[Round "4"]
[White "Chesscoach_Golichenko"]
[Black "Jospem"]
[Result "1-0"]
[WhiteElo "2498"]
[BlackElo "2732"]
[TimeControl "180+2"]
[EndTime "13:51:46 PDT"]
[Termination "Chesscoach_Golichenko won by resignation"]

1. d4 Nf6 2. c4 e6 3. Nc3 Bb4 4. Qc2 d6 5. a3 Bxc3+ 6. Qxc3 b6 7. f3 c5 8. Bg5 h6 9. Bh4 Nc6 10. e3 Qe7 11. Bd3 Bb7 12. Ne2 g5 13. Bf2 Rg8 14. b4 cxd4 15. exd4 Rc8 16. Qd2 Nb8 17. h4 g4 18. Qxh6 gxf3 19. gxf3 Bxf3 20. Rg1 Bxe2 21.
Kxe2 Nbd7 22. h5 Kd8 23. Rxg8+ Nxg8 24. Qg7 Kc7 25. h6 e5 26. h7 exd4+ 27. Kd2 Qf6 28. Bxd4 Qf4+ 29. Kc3 Ne7 30. h8=Q Rxh8 31. Qxh8 Nc6 32.
Rf1 Qg5 33. Qg7 Qh4 34. b5 Nce5 35. Bxe5 Nxe5 36. Rxf7+ Nxf7 37. Qxf7+ Kd8 38. Qg8+ Kd7 39. Qh7+ Qe7 40. Bf5+ Kd8 41. Qxe7+ Kxe7 42. Kd4 d5 43. Kxd5 Kd8 44. Kc6 a6 1-0

[Event "*** Titled Tuesday Blitz"]
[Site "Chess.com"]
[Date "2018.04.03"]
[Round "4"]
[White "abubakrtagelsir"]
[Black "Caisachess"]
[Result "1/2-1/2"]
[WhiteElo "2262"]
[BlackElo "2215"]
[TimeControl "180+2"]
[EndTime "13:51:46 PDT"]
[Termination "Game drawn by agreement"]

1. e4 e5 2. Nf3 Nc6 3. d4 exd4 4. Bc4 Nf6 5. O-O Nxe4 6. Re1 d5 7. Bxd5 Qxd5 8.
Nc3 Qa5 9. Nxe4 Be6 10. Bd2 Bb4 11. c3 dxc3 12. bxc3 Be7 13. c4 Qh5 14. Rb1 Rb8 15.
Rb5 Qg6 16. Qb1 O-O 17. Rxb7 Bxc4 18. Rxb8 Rxb8 19. Qc1 Bd5 20. Ng3 Bxf3 21. gxf3 Bf8 22. Bf4 Nd4 23. Kg2 Ne6 24. Be3 Bd6 25. Bxa7 Ra8 26.
Be3 h5 27. Qb1 Qxb1 28. Rxb1 h4 29. Nf5 Rxa2 30. Nxh4 Nf4+ 31. Bxf4 Bxf4 32. Nf5 Kh7 33. Rb4 Be5 34. Re4 Bf6 35. Rc4 Ra5 36. Ne3 c5 37. f4 Bd4 38. Nf5 Bf6 39. Nd6 Ra2 40. Nxf7 Bd4 41. Ng5+ Kg6 42. Ne4 Kf5 43. Nxc5 Rxf2+ 44. Kg3 Rd2 45. Nb3 Rd3+ 46. Kg2 Be3 47. Nc5 Bxc5 48.
Rxc5+ Kxf4 49. Rc4+ Kf5 1/2-1/2

[Event "*** Titled Tuesday Blitz"]
[Site "Chess.com"]
[Date "2018.04.03"]
[Round "4"]
[White "WinnerOleg"]
[Black "PowerThinking2650"]
[Result "1-0"]
[WhiteElo "2348"]
[BlackElo "2224"]
[TimeControl "180+2"]
[EndTime "13:51:47 PDT"]
[Termination "WinnerOleg won by checkmate"]

1. b3 Nf6 2. Bb2 g6 3. e3 Bg7 4.
f4 O-O 5. Nf3 c5 6. Be2 Nc6 7.
O-O d5 8. Qe1 d4 9. Qh4 Bf5 10.
Na3 d3 11. cxd3 Bxd3 12. Bxd3 Qxd3 13. Rac1 b6 14. Nc4 Nd7 15. Bxg7 Kxg7 16. Nce5 Ndxe5 17. Nxe5 Nxe5 18. fxe5 Qxd2 19. Qxe7 Qxe3+ 20. Kh1 Rae8 21. Qxa7 Rxe5 22. Qxb6 Rf5 23. h3 Re8 24. a4 Re6 25. Qb5 Ref6 26. Rfe1 Qg3 27. Rf1 Rf2 28. Rxf2 Rxf2 29.
Rg1 g5 30. Qxc5 f6 31. Qe7+ Kg6 32. Qe4+ f5 33. Qe6+ Kh5 34. Qf7+ Kh6 35. Qf6+ Kh5 36.
Qg7 h6 37. Qf7+ Kh4 38. Qg6 h5 39. a5 f4 40. Qe4 Ra2 41. b4 Qf2 42. g3+ Kxh3 43.
Qf5+ g4 44. Qxh5# 1-0

[Event "*** Titled Tuesday Blitz"]
[Site "Chess.com"]
[Date "2018.04.03"]
[Round "4"]
[White "ChessWarrior7197"]
[Black "Abrito99"]
[Result "0-1"]
[WhiteElo "2651"]
[BlackElo "2451"]
[TimeControl "180+2"]
[EndTime "13:51:50 PDT"]
[Termination "Abrito99 won by resignation"]

1. e4 c5 2. Nf3 e6 3. d4 cxd4 4. Nxd4 Nc6 5. Nc3 Qc7 6. g3 a6 7.
Bg2 h5 8. O-O h4 9. Re1 Nf6 10.
Nxc6 dxc6 11. e5 Nd5 12. Ne4 hxg3 13. hxg3 b5 14. Bg5 Bb7 15. c3 c5 16. b3 c4 17.
b4 a5 18. a3 Ra6 19. Qg4 axb4 20. axb4 Rxa1 21. Rxa1 Qxe5 22. Qd1 f5 23. Nc5 Bxc5 24.
bxc5 O-O 25. Qd2 b4 26. Rb1 b3 27. Bf1 Qxc3 28. Qe2 Nc7 29. Bf4 Be4 30. Rc1 Qa5 31.
Qxc4 b2 32. Rd1 b1=Q 33. Rxb1 Bxb1 34. Qd4 Nd5 35. Bd6 Rf6 36. Be5 Rh6 37. Bxg7 Rh7 38. Qe5 Be4 39. f3 Qxc5+ 0-1

[Event "*** Titled Tuesday Blitz"]
[Site "Chess.com"]
[Date "2018.04.03"]
[Round "4"]
[White "Ravan_02"]
[Black "Manukyan_Artak"]
[Result "0-1"]
[WhiteElo "2461"]
[BlackElo "2398"]
[TimeControl "180+2"]
[EndTime "13:51:53 PDT"]
[Termination "Manukyan_Artak won by resignation"]

1. d4 Nf6 2. c4 d6 3. Nf3 g6 4. Nc3 Bg7 5. Bf4 O-O 6. e3 c5 7. d5 Qa5 8. Nd2 e5 9. Bg5 a6 10.
Bxf6 Bxf6 11. a4 Be7 12. Bd3 f5 13. h4 e4 14. Be2 Nd7 15. h5 Ne5 16. hxg6 hxg6 17.
Qc2 Kg7 18. f4 exf3 19. gxf3 Rh8 20. Rxh8 Kxh8 21. O-O-O Bd7 22. f4 Nf7 23. e4 Kg7 24.
Rg1 Nh6 25. e5 b5 26. Bd3 bxa4 27. e6 Be8 28. Bxf5 Nxf5 29. Qxf5 Bf6 30. Nce4 Qd8 31. Qxf6+ Qxf6 32. Nxf6 Kxf6 33. Ne4+ Ke7 34. f5 gxf5 35. Nc3 Kf6 36. Kd2 Rb8 37. Kc2 Bg6 38. Ne2 f4+ 39.
Kc1 a3 40. Rxg6+ Kxg6 41. Nxf4+ Kf5 42. Nd3 a2 43. Kc2 a1=Q 0-1

[Event "*** Titled Tuesday Blitz"]
[Site "Chess.com"]
[Date "2018.04.03"]
[Round "4"]
[White "SL0M"]
[Black "aa175"]
[Result "0-1"]
[WhiteElo "1691"]
[BlackElo "1948"]
[TimeControl "180+2"]
[EndTime "13:51:58 PDT"]
[Termination "aa175 won by resignation"]

1. Nf3 d5 2. d4 Nf6 3. c4 e6 4. g3 c6 5. b3 Bb4+ 6. Bd2 Bxd2+ 7.
Nbxd2 O-O 8. Bg2 Nbd7 9. O-O b6 10. Qc2 Bb7 11. e4 Nxe4 12. Nxe4 dxe4 13. Qxe4 Nf6 14.
Qe2 Qe7 15. Ne5 c5 16. Bxb7 Qxb7 17. dxc5 bxc5 18. f3 Rad8 19. Rfd1 Nd7 20. Nxd7 Rxd7 21. Rxd7 Qxd7 22. Rd1 Qe7 23. Qe3 g6 24. Kg2 a5 25.
Qd2 a4 26. Qd6 Qxd6 27. Rxd6 axb3 28. axb3 Rb8 29. Rc6 Rxb3 30. Rxc5 Rb2+ 31. Kh3 Kg7 32. Ra5 h5 33. Rc5 Kf6 34. Rc8 Rc2 35. c5 Rc4 36. c6 Rc5 37. c7 Rc4 38. Kg2 e5 39. h4 Rc2+ 40. Kg1 Kf5 41. Kf1 e4 42. fxe4+ Kg4 43. Ke1 Kxg3 44. Kd1 Rc6 45. Kd2 Kxh4 46. Ke3 Kg5 47. Kd4 Rc1 48. Kd5 Kf4 49. Kd4 h4 50. Rh8 Rxc7 51. Rxh4+ Kg5 52. Rh7 Rd7+ 53. Ke3 Re7 54. Kf3 Kf6 55. Rh8 Ra7 56. Ra8 Rxa8 57.
Kf4 Ke6 58. e5 Rh8 59. Kg5 Rh1 60. Kg4 Re1 61. Kg5 Rxe5+ 62. Kh6 Rf5 63. Kg7 g5 64. Kh6 g4 65. Kg7 g3 66. Kf8 g2 67. Ke8 g1=Q 68. Kd8 Qc5 0-1

[Event "*** Titled Tuesday Blitz"]
[Site "Chess.com"]
[Date "2018.04.03"]
[Round "4"]
[White "BKMZBKMZ"]
[Black "Alexander_Moskalenko"]
[Result "1/2-1/2"]
[WhiteElo "2587"]
[BlackElo "2700"]
[TimeControl "180+2"]
[EndTime "13:52:00 PDT"]
[Termination "Game drawn by repetition"]

1. e4 e5 2. Nf3 Nc6 3. d4 exd4 4. Nxd4 Bc5 5. Be3 Bb6 6. Nc3 Nf6 7. Qd2 O-O 8.
O-O-O Re8 9. f3 d5 10. exd5 Nxd5 11. Bg5 Nxc3 12. Bxd8 Nxd1 13. Bxc7 Bxd4 14. Qxd1 Be6 15. Bb5 Rac8 16. Bxc6 Be3+ 17. Kb1 bxc6 18. Ba5 Bf4 19. g3 Be5 20. Re1 Bf6 21. Qd2 h5 22. b3 c5 23.
Bc3 Rcd8 24. Qe3 Bd4 25. Bxd4 cxd4 26. Qd2 Rd5 27. Kb2 Red8 28. f4 d3 29. c4 R5d7 30. Re5 g6 31. c5 Bf5 32. a3 f6 33. Re1 Rd5 34. c6 Rc5 35. Rc1 Rxc1 36. Kxc1 Rd6 37. Kd1 Rxc6 38. Qe3 Rc2 39. Qe8+ Kg7 40. Qe7+ Kg8 41.
h3 Rh2 42. Qxf6 Rxh3 43. Qd8+ Kg7 44. Qe7+ Kg8 45. Qe8+ Kg7 46. Qe7+ Kg8 47. Qe8+ Kg7 48.
Qe7+ Kg8 49. Qe8+ Kg7 50. Qe7+ Kg8 1/2-1/2